 Dungeon Crawl Stone Soup version 0.30-a0-587-gfd7c166f36 (webtiles) character file.

Game seed: 9518490642263994582

1230 Citaku the Protected (level 8, -11/71 HPs)
             Began as a Minotaur Fighter on Jan 4, 2023.
             Was an Initiate of Okawaru.
             Mangled by a boulder beetle (15 damage)
             ... on level 6 of the Dungeon.
             The game lasted 00:09:57 (5029 turns).

Citaku the Protected (Minotaur Fighter)             Turns: 5029, Time: 00:09:58

Health: -11/71     AC: 16    Str: 20 (21) XL:     8   Next: 24%
Magic:  7/7        EV:  6    Int:  4 (5)  God:    Okawaru [......]
Gold:   182        SH:  4    Dex: 11 (12) Spells: 7/7 levels left

rFire   . . .      SeeInvis .    a - +0 war axe
rCold   . . .      Faith    .    c - +0 buckler
rNeg    . . .      Spirit   .    t - +0 plate armour
rPois   .          Reflect  .    (helmet restricted)
rElec   .          Harm     .    m - +0 cloak
rCorr   .          Rampage  .    p - +0 pair of gloves
Will    .....                    (no boots) Stlth
                                 (no amulet)
HPRegen 0.31/turn                (no ring)
MPRegen 0.10/turn                (no ring)

@: about to teleport
A: horns 2, retaliatory headbutt
a: Renounce Religion


You were on level 6 of the Dungeon.
You worshipped Okawaru.
Okawaru was noncommittal.
You visited 1 branch of the dungeon, and saw 6 of its levels.

You collected 208 gold pieces.
You spent 26 gold pieces at shops.

Inventory:

Hand Weapons
 a - a +0 war axe (weapon)
Armour
 c - a +0 buckler (worn)
 m - a +0 cloak (worn)
 p - a +0 pair of gloves (worn)
 t - a +0 plate armour (worn)
Jewellery
 u - a ring of ice
Scrolls
 b - 2 scrolls of vulnerability
 e - a scroll of magic mapping
 f - a scroll of silence
 h - 2 scrolls of teleportation
 i - 3 scrolls of fog
 j - a scroll of enchant armour
Potions
 l - 3 potions of curing


   Skills:
 + Level 6.4 Fighting
 * Level 7.8 Axes
 * Level 8.4 Armour
 - Level 3.6 Shields


You had 7 spell levels left.
You didn't know any spells.
Your spell library contained the following spells:

 Spells                   Type           Power      Damage    Failure   Level
 Portal Projectile        Hex/Tloc       0%         N/A       100%        3
 Leda's Liquefaction      Hex/Erth       0%         N/A       100%        4
 Call Canine Familiar     Summ           Unusable   N/A       N/A         3

Dungeon Overview and Level Annotations

Branches:
Dungeon (6/15)
 Temple: D:4-7

Altars:
Hepliaklqana
Kikubaaqudgha
Okawaru
Vehumet
Xom

Shops:
D:3 ?[=:*


Innate Abilities, Weirdness & Mutations

You have a pair of horns on your head.
You reflexively headbutt those who attack you in melee.


Message History

The orc wizard hits you but does no damage.
You feel less confused.
The orc wizard hits you with a +0 dagger.
The boulder beetle curls into a ball and begins rolling!
You closely miss the orc wizard. You headbutt the orc wizard!
The orc wizard is severely wounded.
The orc wizard points at you and mumbles some strange words.
The puff of flame hits you but does no damage.
You barely miss the orc wizard.
You headbutt the orc wizard, but do no damage.
The orc wizard is severely wounded.
The boulder beetle hits you!!!
Ouch! That really hurt!
The boulder beetle stops rolling and uncurls.
The orc wizard hits you but does no damage.
You slash the orc wizard!
You kill the orc wizard!
Okawaru accepts your kill.
You hit the boulder beetle but do no damage.
The boulder beetle bites you!
* * * LOW HITPOINT WARNING * * *
You feel better.
The boulder beetle bites you but does no damage.
You slash the boulder beetle! You headbutt the boulder beetle.
The boulder beetle is lightly wounded.
The boulder beetle closely misses you.
You hit the boulder beetle but do no damage.
You headbutt the boulder beetle, but do no damage.
The boulder beetle is lightly wounded.
The boulder beetle bites you!
* * * LOW HITPOINT WARNING * * *
The boulder beetle bites you but does no damage.
You hit the boulder beetle but do no damage.
You headbutt the boulder beetle, but do no damage.
The boulder beetle is lightly wounded.
The boulder beetle bites you.
* * * LOW HITPOINT WARNING * * *
As you read the scroll of teleportation, it crumbles to dust.
You feel strangely unstable. The boulder beetle bites you!
You die...

...# ##... ...
###...###...
......#....
##..........
##.?.........
#.......<...#
####...........#
#....>.)@.#.....
#.......B..# #
...##..##.#.# ##
.#..###.#..#...#
#:###..#......#
#. .o##..###).#
. B..#.#..# ..#
##.##...###..#
............# #


You could see a boulder beetle.

Vanquished Creatures
  3 phantoms (D:5)
  A necrophage (D:6)
  A bullfrog (D:6)
  2 scorpions
  3 jellies
  2 orc priests
  Crazy Yiuf (D:3)
  6 hounds
  Terence (D:3)
  5 orc wizards
  5 gnolls
  6 adders
  2 white imps
  2 ufetubi
  3 dart slugs
  18 orcs
  6 bats
  12 endoplasms
  6 giant cockroaches
  8 goblins
  7 hobgoblins
  6 kobolds
  11 quokkas
  7 ball pythons
  3 frilled lizards
  3 rats
130 creatures vanquished.

Vanquished Creatures (others)
  28 plants (D:3)
28 creatures vanquished.

Grand Total: 158 creatures vanquished

Notes
Turn   | Place    | Note
-------+----------+-------------------------------------------
     0 | D:1      | Citaku the Minotaur Fighter began the quest for the Orb.
     0 | D:1      | Reached XP level 1. HP: 19/19 MP: 0/0
   186 | D:1      | Reached XP level 2. HP: 27/27 MP: 1/1
   209 | D:1      | Reached skill level 4 in Armour
   650 | D:1      | Reached XP level 3. HP: 33/33 MP: 2/2
  1661 | D:3      | Found Vom Lawo's Assorted Antiques.
  1681 | D:3      | Found a shimmering altar of Xom.
  1699 | D:3      | Reached XP level 4. HP: 38/40 MP: 3/3
  1732 | D:3      | Found Alus's Magic Scroll Shop.
  1764 | D:3      | Reached skill level 5 in Armour
  1885 | D:3      | Bought a scroll of identify for 26 gold pieces
  1906 | D:3      | Found Xuqud's Armour Shop.
  1959 | D:3      | Found Mabaac's Jewellery Shoppe.
  2105 | D:3      | Found a radiant altar of Vehumet.
  2181 | D:3      | Found a runed translucent door.
  2182 | D:3      | Noticed Crazy Yiuf
  2189 | D:3      | Killed Crazy Yiuf
  2190 | D:3      | Reached XP level 5. HP: 47/47 MP: 4/4
  2260 | D:3      | Found an ancient bone altar of Kikubaaqudgha.
  2433 | D:3      | Noticed Terence
  2438 | D:3      | Killed Terence
  2484 | D:3      | Found Qafi's Book Shop.
  3093 | D:4      | Reached skill level 5 in Axes
  3171 | D:4      | Reached skill level 6 in Armour
  3171 | D:4      | Reached XP level 6. HP: 49/55 MP: 5/5
  3193 | D:4      | Reached skill level 5 in Fighting
  3785 | D:5      | Entered Level 5 of the Dungeon
  3826 | D:5      | Reached XP level 7. HP: 18/61 MP: 6/6
  3832 | D:5      | Reached skill level 7 in Armour
  4022 | D:5      | Found a hazy altar of Hepliaklqana.
  4741 | D:5      | Found an iron altar of Okawaru.
  4887 | D:5      | Became a worshipper of Warmaster Okawaru
  4897 | D:6      | Reached skill level 8 in Armour
  4897 | D:6      | Reached XP level 8. HP: 67/70 MP: 7/7
  5008 | D:6      | Noticed a boulder beetle
  5028 | D:6      | HP: 3/71 [boulder beetle (2)]
  5029 | D:6      | Mangled by a boulder beetle

Illustrated notes

Levels and vault maps discovered:
D:1:      lemuel_arrival_broad_hall, layout_basic
D:2:      layout_loops_ring, chequers_mini_garden,
          hangedman_abyss_or_decor_lesser_grid
D:3:      wad_woods_stonehenge, layout_basic, nicolae_overflow_crystal_walls,
          lemuel_crystal_altar, serial_shops, nicolae_shop_stone,
          nicolae_shop_advertising_works [nicolae_subvault_shop_adworks],
          shop_fountains, shop, shop, grunt_decor_mini_mirrors,
          uniq_crazy_yiuf_cottage, uniq_terence
D:4:      layout_cave_pools, kennysheep_path_1, kennysheep_dice
D:5:      layout_loops_ring, overflow_temple_1_default, general_overflow_altar,
          grunt_ministairs_5, chequers_decorated_corner, nicolae_eternal_life,
          hangedman_abyss_or_decor_jellyfish_corner, palyth_stone_intersect
D:6:      layout_cave_pools, gammafunk_ghost_cemetery, minmay_manual_mess

Skill      XL: |  1  2  3  4  5  6  7 |
---------------+----------------------+-----
Armour         | 4 5 6 8 |  8.4
Axes           | 3 4 5 6 7 |  7.8
Fighting       | 4 5 6 |  6.4
Shields        | |  3.6

Action                   |  1- 3 |  4- 6 |  7- 9 || total
-------------------------+-------+-------+-------++-------
Melee: War axe           |    96 |   126 |    82 ||   304
       Headbutt          |     6 |    17 |    18 ||    41
  Use: Scroll            |     1 |     2 |     6 ||     9
       Potion            |       |     1 |     7 ||     8
Armor: Scale mail        |    55 |    97 |     4 ||   156
       Plate armour      |       |       |    59 ||    59
Dodge: Dodged            |    59 |    82 |    36 ||   177
Block: Buckler           |    31 |    32 |    23 ||    86

Table legend: (Time is in decaauts)
 A = Elapsed time spent in this place.
 B = Non-inter-level travel time spent in this place.
 C = Inter-level travel time spent in this place.
 D = Time resting spent in this place.
 E = Time spent auto-exploring this place.
 F = Levels seen in this place.
 G = Mean time per level.
                   A        B        C        D        E       F      G
               +--------+--------+--------+--------+--------+-----+--------+
         Total |   5122 |   5122 |      0 |    411 |   3404 |   6 |  853.7 |
       Dungeon |   5122 |   5122 |      0 |    411 |   3404 |   6 |  853.7 |
               +--------+--------+--------+--------+--------+-----+--------+

Top non-repeatable levels by time:
     D:3: 1219 daAuts
     D:5: 1118 daAuts
     D:1: 1117 daAuts
     D:4: 947 daAuts
     D:2: 573 daAuts
     D:6: 145 daAuts
